 Dungeon Sprint DCSS version 0.21-a0-39-g28ea6b7 (webtiles) character file.

13353 PhlogistonFlux the Fencer (level 11, -17/96 HPs)
             Began as a Demonspawn Berserker on May 30, 2017.
             Was the Champion of Trog.
             Killed from afar by a lich (36 damage)
             ... with a bolt of negative energy
             ... in the Dungeon (Sprint IX: "|||||||||||||||||||||||||||||").
             The game lasted 00:06:57 (2760 turns).

PhlogistonFlux the Fencer (Demonspawn Berserker)    Turns: 2760, Time: 00:06:58

Health: -17/96     AC: 25    Str: 17    XL:     11   Next: 74%
Magic:  11/11      EV:  8    Int:  9    God:    Trog [******]
Gold:   1202       SH:  0    Dex: 16    Spells: 10/10 levels left

rFire    . . .     SeeInvis .   x - +3 longbow (flame)
rCold    . . .     Gourm    .   (shield currently unavailable)
rNeg     . . .     Faith    .   u - +4 plate armour {rPois}
rPois    +         Spirit   .   r - +1 hat {MR+}
rElec    .         Reflect  .   y - +1 cloak
rCorr    .         Harm     .   E - +0 pair of gloves
MR       +....     NoTele   +   (no boots)
Stlth    ..........             (no amulet)
Regen    0.3/turn               (no ring)
MPRegen  0.2/turn               (no ring)

@: lethally poisoned (-17 -> -29), drained
A: talons 2, yellow scales 1, demonic guardian 2, powered by death 1
a: Berserk, Trog's Hand, Brothers in Arms, Burn Spellbooks, Renounce Religion


You were in the Dungeon.
You worshipped Trog.
Trog was exalted by your worship.
You were very hungry.

You visited 1 branch You collected 1912 gold pieces.
You spent 710 gold pieces at shops.

Inventory:

Hand Weapons
 x - a +3 longbow of flaming (weapon)
 G - a +0 scimitar of flaming
 H - the +8 great sword of Instant Death {slice, *Slow rF++ Int-2 Stlth+}
   (Trog gifted it to you in the Dungeon)

   It inflicts extra damage upon your enemies.
   It affects your intelligence (-2).
   It greatly protects you from fire.
   It may slow you when you take damage.
   It makes you more stealthy.
Missiles
 k - 143 arrows (quivered)
Armour
 p - a +0 cloak
 r - a +1 hat of magic resistance (worn)
 u - a +4 plate armour of poison resistance (worn)
 y - a +1 cloak (worn)
 E - a +0 pair of gloves (worn)
Jewellery
 j - an uncursed ring of poison resistance
 o - an uncursed ring of protection from magic
 q - an uncursed ring of protection from fire
 s - a +2 ring of protection
 t - a +3 ring of dexterity
 B - an uncursed ring of ice
Wands
 n - a wand of iceblast (7/15)
 F - a wand of enslavement (5/24)
Scrolls
 i - 4 scrolls of blinking
 m - 4 scrolls of remove curse
 v - 2 scrolls of identify
 w - 2 scrolls of fog
 K - 5 scrolls of enchant armour
 L - 3 scrolls of magic mapping {unknown}
 M - a scroll of recharging {unknown}
 N - 2 scrolls of fear
Potions
 a - a potion of brilliance
 b - a potion of agility
 d - 7 potions of curing
 e - 11 potions of heal wounds
 f - 4 potions of haste
 g - 4 potions of magic
 h - a potion of berserk rage
 l - a potion of invisibility
Books
 A - a book of Misfortune

   Spells                             Type                      Level
   a - Confusing Touch                Hexes                        1
   b - Confuse                        Hexes                        3
   c - Gell's Gravitas                Translocation                3
   d - Petrify                        Transmutation/Earth          4
   e - Metabolic Englaciation         Hexes/Ice                    5
   f - Yara's Violent Unravelling     Hexes/Transmutation          5
   Trog disapproves of the use of such an item.
Comestibles
 c - 13 bread rations
 C - 40 fruits
 D - 12 meat rations


   Skills:
 + Level 12.3(11.5) Fighting
 + Level 15.7(14.8) Long Blades
 * Level 14.8(13.9) Bows
 + Level 11.0(10.2) Armour
 + Level 5.6(4.9) Dodging


You had 10 spell levels left.
You didn't know any spells.

Dungeon Overview and Level Annotations

Branches:
Dungeon (1/1)

Altars:
Cheibriados
Dithmenos
Elyvilon
Fedhas
Gozag
Hepliaklqana
Kikubaaqudgha
Makhleb
Nemelex Xobeh
Okawaru
Qazlal
Ru
Sif Muna
Trog
Uskayaw
Vehumet
Wu Jian
Xom
Yredelemnul
Zin
The Shining One
Beogh
Jiyva
Lugonu

Shops:
D ***(


Innate Abilities, Weirdness & Mutations

You have razor-sharp toenails.
You are partially covered in yellow scales. (AC +2)
A demonic guardian rushes to your aid.
You regenerate a little health from kills.


Message History

You shoot an arrow. The arrow hits the lich!
The arrow burns the lich.
The lich is severely damaged.
You feel sick.
The lich touches you but does no damage.
Firing (i - inventory):
k - 145 arrows (quivered)
Press: ? - help, Shift-Dir - straight line, f/p - lich
Aim: a lich (heavily damaged, fast)
You shoot an arrow. The arrow hits the lich!
The arrow burns the lich.
The lich is severely damaged.
You feel sick.
The lich touches you but does no damage.
Firing (i - inventory):
k - 144 arrows (quivered)
Press: ? - help, Shift-Dir - straight line, f/p - lich
Aim: a lich (severely damaged, fast)
You shoot an arrow. The arrow hits the lich.
The arrow burns the lich.
The lich is severely damaged.
You feel sick.
The lich gestures at you while chanting.
The bolt of negative energy hits you!
You feel drained.
You die...

▓.▓.▓[▓.▓)▓.▓)▓
▓'▓.▓.▓.▓.▓.▓)▓
▓_▓.▓.▓.▓.▓.▓)▓
▓_▓.▓.▓.▓(▓.▓)▓
▓_▓.▓.▓[▓.▓.▓)▓
▓_▓.▓.▓)▓.▓.▓)▓
▓_▓.▓÷▓.▓)▓.▓)▓
▓_▓.▓.▓.▓.▓.▓)▓
▓_▓.▓.▓.▓.▓.▓@▓
▓_▓.▓.▓.▓)▓.▓L▓
▓_▓.▓.▓.▓)▓.▓Z▓
▓_▓.▓.▓.▓)▓.▓(▓
▓_▓.▓.▓.▓'▓.▓(▓
▓_▓.▓.▓.▓)▓.▓[▓
▓_▓.▓.▓.▓.▓.▓(▓
▓_▓.▓.▓.▓.▓.▓(▓
▓_▓.▓÷▓.▓(▓.▓)▓


You could see a lich and a bat skeleton.

Vanquished Creatures
  An orc high priest (D)
  An unseen horror (D)
  2 orc knights (D)
  A spiny frog (shapeshifter) (D)
  A komodo dragon (D)
  3 tyrant leeches (D)
  2 hippogriffs (D)
  A blink frog (D)
  2 yaks (D)
  2 water moccasins (D)
  A sky beast (D)
  A wolf (D)
  8 orc warriors (D)
  A centaur (D)
  3 bullfrogs (D)
  A crimson imp (D)
  7 orc priests (D)
  4 orc wizards (D)
  2 worker ants (D)
  An adder (D)
  2 worms (D)
  A dart slug (D)
  9 orcs (D)
  A bat skeleton (D)
  A giant cockroach (D)
  A goblin (D)
  A kobold (D)
  A ball python (D)
  A frilled lizard (D)
63 creatures vanquished.

Vanquished Creatures (collateral kills)
  Gastronok (D)
  Erolcha (D)
  2 hydras (D)
  Erica (D)
  A death knight (D)
  A centaur warrior (D)
  5 orc high priests (D)
  A lindwurm (D)
  A deep elf mage (D)
  A spiny frog (D)
  2 tyrant leeches (D)
  A basilisk (D)
  A hungry ghost (D)
  2 acid dragons (D)
  A porcupine (D)
  3 orc warriors (D)
  A wolf (D)
  A crocodile (D)
  A bullfrog (D)
  2 orc priests (D)
  A jelly (D)
  An orc wizard (D)
  An orc (D)
33 creatures vanquished.

Grand Total: 96 creatures vanquished

Notes
Turn   | Place    | Note
-------+----------+-------------------------------------------
     0 | D        | PhlogistonFlux the Demonspawn Berserker began the quest for the Orb.
     0 | D        | Reached XP level 1. HP: 18/18 MP: 1/1
     9 | D        | Reached skill level 3 in Long Blades
    21 | D        | Reached ** piety under Trog
    23 | D        | Reached skill level 4 in Long Blades
   166 | D        | Noticed a worker ant
   166 | D        | Noticed a centaur
   172 | D        | Killed a worker ant
   172 | D        | Reached skill level 6 in Long Blades
   172 | D        | Gained mutation: A weak demonic guardian rushes to your aid. [demonic ancestry]
   172 | D        | Reached XP level 2. HP: 20/24 MP: 2/2
   172 | D        | Reached XP level 3. HP: 24/29 MP: 3/3
   178 | D        | Killed a centaur
   178 | D        | Reached *** piety under Trog
   178 | D        | Reached skill level 9 in Long Blades
   178 | D        | Gained mutation: You regenerate a little health from kills. [demonic ancestry]
   178 | D        | Reached XP level 4. HP: 11/35 MP: 4/4
   460 | D        | Found a roughly hewn altar of Beogh.
   460 | D        | Found a snail-covered altar of Cheibriados.
   460 | D        | Found a shadowy altar of Dithmenos.
   460 | D        | Found a white marble altar of Elyvilon.
   460 | D        | Found a blossoming altar of Fedhas.
   460 | D        | Found an opulent altar of Gozag.
   461 | D        | Found a hazy altar of Hepliaklqana.
   462 | D        | Found a viscous altar of Jiyva.
   463 | D        | Found an ancient bone altar of Kikubaaqudgha.
   464 | D        | Found a corrupted altar of Lugonu.
   465 | D        | Found a burning altar of Makhleb.
   466 | D        | Found a sparkling altar of Nemelex Xobeh.
   467 | D        | Found an iron altar of Okawaru.
   468 | D        | Found a stormy altar of Qazlal.
   469 | D        | Found a sacrificial altar of Ru.
   470 | D        | Found a deep blue altar of Sif Muna.
   471 | D        | Found a bloodstained altar of Trog.
   472 | D        | Found a hide-covered altar of Uskayaw.
   473 | D        | Found a radiant altar of Vehumet.
   474 | D        | Found an ornate altar of the Wu Jian Council.
   475 | D        | Found a shimmering altar of Xom.
   476 | D        | Found a basalt altar of Yredelemnul.
   477 | D        | Found a glowing silver altar of Zin.
   478 | D        | Found a glowing golden altar of the Shining One.
   531 | D        | Noticed a sky beast
   531 | D        | Reached **** piety under Trog
   540 | D        | Reached skill level 1 in Bows
   540 | D        | Gained mutation: You have sharp toenails. [demonic ancestry]
   540 | D        | Reached XP level 5. HP: 41/41 MP: 5/5
   559 | D        | Reached skill level 10 in Long Blades
   563 | D        | Reached ***** piety under Trog
   568 | D        | Killed a sky beast
   568 | D        | Received a gift from Trog
   568 | D        | Reached skill level 5 in Fighting
   568 | D        | Gained mutation: A demonic guardian rushes to your aid. [demonic ancestry]
   568 | D        | Reached XP level 6. HP: 43/51 MP: 6/6
   604 | D        | Noticed a water moccasin
   604 | D        | Noticed an acid dragon
   604 | D        | Noticed an eight-headed hydra
   611 | D        | Killed a water moccasin
   611 | D        | Reached skill level 11 in Long Blades
   620 | D        | Killed an 11-headed hydra
   620 | D        | Reached skill level 12 in Long Blades
   620 | D        | Reached skill level 5 in Bows
   620 | D        | Reached XP level 7. HP: 10/60 MP: 7/7
   656 | D        | Killed an unseen horror
   656 | D        | Reached skill level 5 in Armour
   656 | D        | Gained mutation: You are partially covered in yellow scales. (AC +2) [demonic ancestry]
   656 | D        | Reached XP level 8. HP: 66/69 MP: 8/8
  1064 | D        | Noticed a komodo dragon
  1064 | D        | Reached skill level 13 in Long Blades
  1069 | D        | Noticed a hippogriff
  1077 | D        | Received a gift from Trog
  1083 | D        | Reached XP level 9. HP: 76/76 MP: 9/9
  1088 | D        | Killed a komodo dragon
  1095 | D        | Reached skill level 5 in Dodging
  1254 | D        | Noticed an eight-headed hydra
  1258 | D        | Reached skill level 14 in Long Blades
  1266 | D        | Received a gift from Trog
  1267 | D        | Noticed a spiny frog
  1276 | D        | Killed a nine-headed hydra
  1276 | D        | Received a gift from Trog
  1276 | D        | Reached skill level 10 in Fighting
  1277 | D        | Received a gift from Trog
  1278 | D        | Killed a spiny frog
  1513 | D        | Noticed a tyrant leech
  1513 | D        | Noticed a tyrant leech
  1513 | D        | Noticed a tyrant leech
  1513 | D        | Noticed a lindwurm
  1515 | D        | Noticed a tyrant leech
  1518 | D        | Killed a tyrant leech
  1527 | D        | Killed a tyrant leech
  1527 | D        | Gained mutation: You have razor-sharp toenails. [demonic ancestry]
  1527 | D        | Reached XP level 10. HP: 85/85 MP: 10/10
  1530 | D        | Received a gift from Trog
  1550 | D        | Reached skill level 15 in Long Blades
  1558 | D        | Killed a lindwurm
  1558 | D        | Reached ****** piety under Trog
  1815 | D        | Noticed Gastronok
  1825 | D        | Killed Gastronok
  1865 | D        | Noticed Erolcha
  1868 | D        | Noticed Erica
  1871 | D        | Killed Erolcha
  1871 | D        | Reached skill level 10 in Bows
  1871 | D        | Reached skill level 10 in Armour
  1874 | D        | Killed Erica
  1874 | D        | Received a gift from Trog
  1875 | D        | Got a brightly glowing hunting sling {god gift}
  1988 | D        | Reached XP level 11. HP: 85/93 MP: 11/11
  1994 | D        | Received a gift from Trog
  2000 | D        | Got a twisted great sword {god gift}
  2019 | D        | Received a gift from Trog
  2190 | D        | Noticed an orc knight
  2198 | D        | Killed an orc knight
  2198 | D        | Received a gift from Trog
  2210 | D        | Received a gift from Trog
  2227 | D        | Noticed an orc knight
  2236 | D        | Killed an orc knight
  2343 | D        | Found Nyunij's General Store.
  2343 | D        | Noticed an orc high priest
  2343 | D        | Noticed an orc high priest
  2345 | D        | Noticed an orc high priest
  2345 | D        | Received a gift from Trog
  2352 | D        | Killed an orc high priest
  2354 | D        | Killed an orc high priest
  2354 | D        | Received a gift from Trog
  2375 | D        | Killed an orc high priest
  2382 | D        | Found Kaowav's General Store.
  2385 | D        | Found Wuokk's Assorted Antiques.
  2386 | D        | Noticed an orc high priest
  2394 | D        | Killed an orc high priest
  2405 | D        | Noticed an orc high priest
  2405 | D        | Found Ruluex's Antique Weapon Shoppe.
  2406 | D        | Noticed a sun demon
  2413 | D        | Killed an orc high priest
  2413 | D        | Received a gift from Trog
  2416 | D        | Noticed an orc high priest
  2424 | D        | Noticed a sun demon
  2433 | D        | Killed an orc high priest
  2499 | D        | Bought a potion of haste for 120 gold pieces
  2499 | D        | Bought a scroll of blinking for 90 gold pieces
  2499 | D        | Bought a scroll of enchant armour for 90 gold pieces
  2499 | D        | Bought a potion of haste for 120 gold pieces
  2503 | D        | Bought 3 scrolls labeled JYEHYCWIEZO for 87 gold pieces
  2503 | D        | Bought a scroll labeled SIUDUIPTUV for 29 gold pieces
  2503 | D        | Bought a scroll labeled PIEGOM XOALISS for 29 gold pieces
  2503 | D        | Bought a potion of heal wounds for 145 gold pieces
  2505 | D        | Identified the +8 great sword of Instant Death {slice, *Slow rF++ Int-2 Stlth+} (Trog gifted it to you in the Dungeon)
  2671 | D        | Noticed a death knight
  2671 | D        | Noticed a centaur warrior
  2671 | D        | Noticed a deep elf mage
  2687 | D        | Killed a death knight
  2706 | D        | Killed a centaur warrior
  2709 | D        | Received a gift from Trog
  2713 | D        | Killed a deep elf mage
  2713 | D        | Received a gift from Trog
  2749 | D        | Noticed a lich
  2760 | D        | Killed from afar by a lich

Vault maps used:
D:        linesprint

Skill      XL: |  1  2  3  4  5  6  7  8  9 10 11 |
---------------+----------------------------------+-----
Long Blades    | 6 9 10 12 13 14 15 | 15.7
Bows           | 1 3 5 6 7 9 10 14 | 14.8
Armour         | 2 3 5 7 10 11 | 11.0
Fighting       | 5 7 8 9 10 11 12 | 12.3
Dodging        | 2 4 5 |  5.6

Action                   |  1- 3 |  4- 6 |  7- 9 | 10-12 || total
-------------------------+-------+-------+-------+-------++-------
Melee: Falchion          |    29 |     6 |       |       ||    35
       Scimitar          |       |    34 |    67 |    17 ||   118
       Kick              |       |     9 |    25 |    10 ||    44
 Fire: Longbow           |       |       |       |   147 ||   147
Invok: Berserk           |     1 |     2 |     3 |       ||     6
       Brothers in Arms  |       |     1 |     2 |     3 ||     6
       Trog's Hand       |       |       |     1 |     1 ||     2
  Use: Potion            |       |       |     1 |     1 ||     2
  Eat: Chunk             |       |     1 |     7 |     5 ||    13
Armor: Animal skin       |     4 |       |       |       ||     4
       Chain mail        |       |    26 |    24 |       ||    50
       Plate armour      |       |       |    33 |    26 ||    59
Dodge: Dodged            |    18 |    14 |    12 |    19 ||    63
       Rpst.: Falchion   |     9 |     1 |       |       ||    10
       Scimitar          |       |     3 |     5 |     1 ||     9
